 Dungeon Crawl Stone Soup version 0.29-a0-1052-g6990b1bffc (webtiles) character file.

Game seed: 15284844084492676864

41 flotson the Sneak (level 3, -2/29 HPs)
             Began as a Demonspawn Delver on Aug 17, 2022.
             Slain by Ijyb
             ... wielding a +2 vampiric dagger
              (6 damage)
             ... on level 3 of the Dungeon.
             The game lasted 00:01:00 (526 turns).

flotson the Sneak (Demonspawn Delver)                Turns: 526, Time: 00:01:00

Health: -2/29      AC:  3    Str: 14    XL:     3   Next: 32%
Magic:  3/3        EV: 17    Int: 11    God:
Gold:   5          SH:  0    Dex: 14    Spells: 2/2 levels left

rFire   . . .      SeeInvis .   a - +0 hand axe
rCold   . . .      Faith    .   (no shield)
rNeg    . . .      Spirit   .   b - +0 leather armour
rPois   .          Reflect  .   (no helmet)
rElec   .          Harm     .   (no cloak)
rCorr   .          Rampage  .   (no gloves)
Will    .....                   (no boots)
Stlth   ++........              (no amulet)
HPRegen 0.09/turn               (no ring)
MPRegen 0.08/turn               (no ring)

@: agile
A: powered by pain 1
a: no special abilities


You were on level 3 of the Dungeon.
You visited 1 branch of the dungeon, and saw 3 of its levels.

You collected 5 gold pieces.

Inventory:

Hand Weapons
 a - a +0 hand axe (weapon)
Armour
 b - a +0 leather armour (worn)
Wands
 g - a wand of digging (3)
Scrolls
 c - a scroll of fog
 d - a scroll of magic mapping
 e - a scroll of fear


   Skills:
 + Level 3.3 Fighting
 + Level 2.2 Axes
 + Level 1.0 Armour
 + Level 2.2 Dodging
 - Level 4.5 Stealth
 + Level 1.1 Evocations


You had 2 spell levels left.
You didn't know any spells.
Your spell library was empty.

Dungeon Overview and Level Annotations

Branches:
Dungeon (5/15)
 Temple: D:4-7

Altars:

Annotations:
D:3 Ijyb


Innate Abilities, Weirdness & Mutations

You sometimes gain a little power by taking damage.


Message History

You kill the endoplasm!
No target in view!
There is a stone staircase leading up here.
You start resting.
HP restored.
You climb upwards.
There is a stone staircase leading down here.
You open the door.
Ijyb the Twisted Goblin comes into view.
She is wielding a +2 vampiric dagger and carrying a wand of mindburst (16).
Found an inky potion.
There is an open door here.
Ijyb shouts!
Ijyb hits you with a +2 vampiric dagger.
You see here an inky potion.
You hit Ijyb but do no damage.
Ijyb hits you with a +2 vampiric dagger.
You hit Ijyb but do no damage. Ijyb barely misses you.
You hit Ijyb but do no damage. Ijyb barely misses you.
You hit Ijyb.
Ijyb is moderately wounded.
Ijyb barely misses you.
You hit Ijyb.
Ijyb is moderately wounded.
Ijyb zaps a wand.
Your mind is blasted!
You focus on the pain.
You feel agile all of a sudden.
Ijyb hits you with a +2 vampiric dagger.
* * * LOW HITPOINT WARNING * * *
You are too injured to fight recklessly!
You are too injured to fight recklessly!
You closely miss Ijyb.
Ijyb is moderately wounded.
Ijyb zaps a wand.
Your mind is blasted!
* * * LOW HITPOINT WARNING * * *
You barely miss Ijyb.
Ijyb is moderately wounded.
Ijyb zaps a wand.
You barely resist. You slash Ijyb!
Ijyb is heavily wounded.
Ijyb hits you with a +2 vampiric dagger.
You die...

.# .# ##+## .#
##...## .#
##.....## ##.#####
##.......##
#......#
#.........####...##
+.........'...@...#
#.........####.g.##
##.......## #...#
##..>..## #.#.#
##...## #.#.# ##+##
#.#.# #.. . ### #


You could see Ijyb.

Vanquished Creatures
  A hound (D:5)
  An adder (D:5)
  An endoplasm (D:4)
  A kobold (D:4)
4 creatures vanquished.

Notes
Turn   | Place    | Note
-------+----------+-------------------------------------------
     0 | D:5      | flotson the Demonspawn Delver began the quest for the Orb.
     0 | D:5      | Reached XP level 1. HP: 18/18 MP: 1/1
    27 | D:5      | Noticed a hound
    41 | D:5      | Killed a hound
    42 | D:5      | Reached skill level 1 in Evocations
    42 | D:5      | Gained mutation: You sometimes gain a little power by
                  | taking damage. [demonic ancestry]
    42 | D:5      | Reached XP level 2. HP: 4/24 MP: 2/2
    42 | D:5      | Reached XP level 3. HP: 5/29 MP: 3/3
   338 | D:5      | Reached skill level 1 in Armour
   387 | D:5      | Noticed an ogre
   513 | D:3      | Noticed Ijyb
   526 | D:3      | Slain by Ijyb

Illustrated notes

Levels and vault maps discovered:
D:3:      layout_loops_corners, serial_shops, nicolae_shop_crystal,
          hangedman_decor_peaks_small, minmay_misc_feat_roman, uniq_robin,
          uniq_ijyb
D:4:      gammafunk_wand_slinger, layout_rooms, minmay_temple_entry_offerings
D:5:      layout_gridville, dilly_guarded_unrand_devastator, uniq_blork_the_orc

Skill      XL: |  1  2  3 |
---------------+----------+-----
Axes           | 2 |  2.2
Dodging        | 2 |  2.2
Evocations     | 1 |  1.1
Armour         | 1 |  1.0
Fighting       | |  3.3
Stealth        | |  4.5

Action                   || total
-------------------------++-------
Melee: Hand axe          ||    28
  Use: Potion            ||     1
 Stab: Sleeping          ||     1
Armor: Leather armour    ||     1
Dodge: Dodged            ||    13

Table legend: (Time is in decaauts)
 A = Elapsed time spent in this place.
 B = Non-inter-level travel time spent in this place.
 C = Inter-level travel time spent in this place.
 D = Time resting spent in this place.
 E = Time spent auto-exploring this place.
 F = Levels seen in this place.
 G = Mean time per level.
                   A        B        C        D        E       F      G
               +--------+--------+--------+--------+--------+-----+--------+
         Total |    510 |    510 |      0 |     69 |    350 |   3 |  170.0 |
       Dungeon |    510 |    510 |      0 |     69 |    350 |   3 |  170.0 |
               +--------+--------+--------+--------+--------+-----+--------+

Top non-repeatable levels by time:
     D:5: 406 daAuts
     D:4: 84 daAuts
     D:3: 19 daAuts
